 Dungeon Crawl Stone Soup version 0.25.0-9-g26727b657a (webtiles) character file.

Game seed: 9353696089756640777

6157 Flugkiller the Cleaver (level 10, 0/94 HPs)
             Began as a Deep Dwarf Fighter on June 20, 2020.
             Was a Follower of Makhleb.
             Slain by a 12-headed hydra (1 damage)
             ... on level 2 of the Lair of Beasts.
             The game lasted 00:04:31 (6677 turns).

Flugkiller the Cleaver (Deep Dwarf Fighter)         Turns: 6677, Time: 00:04:31

Health: 0/94       AC: 16    Str: 24    XL:     10   Next: 60%
Magic:  7/7        EV: 10    Int:  8    God:    Makhleb [*.....]
Gold:   339        SH:  0    Dex: 14    Spells: 9/9 levels left

rFire    + . .     SeeInvis .   D - +8 battleaxe of Tenacity {elec, *Slow rF+ rN+++ Dex+2}
rCold    . . .     Gourm    .   (shield currently unavailable)
rNeg     + + +     Faith    .   y - +0 chain mail
rPois    .         Spirit   .   p - +0 helmet
rElec    .         Reflect  .   E - +0 cloak
rCorr    .         Harm     .   v - +0 pair of gloves of Fashionability {Slay+2 Stlth+}
MR       +....                  i - +0 pair of boots
Stlth    ..........             (no amulet)
HPRegen  0.00/turn              b - ring of positive energy
MPRegen  0.10/turn              (no ring)

@: non-regenerating
A: damage resistance, heal wounds, sense surroundings 2, no regeneration
a: Heal Wounds, Renounce Religion


You were on level 2 of the Lair of Beasts.
You worshipped Makhleb.
Makhleb was aware of your devotion.
You were not hungry.

You visited 3 branches of the dungeon, and saw 11 of its levels.

You collected 626 gold pieces.
You spent 287 gold pieces at shops.

Inventory:

Hand Weapons
 a - a +1 war axe
 D - the +8 battleaxe of Tenacity (weapon) {elec, *Slow rF+ rN+++ Dex+2}
   (You bought it in a shop on level 8 of the Dungeon)

   Occasionally, upon striking a foe, it will discharge some electrical energy
   and cause terrible harm.
   It affects your dexterity (+2).
   It protects you from fire.
   It renders you almost immune to negative energy.
   It may slow you when you take damage.
Armour
 c - a +0 kite shield
 i - a +0 pair of boots (worn)
   (You found it on level 1 of the Dungeon)
 p - a +0 helmet (worn)
   (You took it off Robin on level 2 of the Dungeon)
 v - the +0 pair of gloves of Fashionability (worn) {Slay+2 Stlth+}
   (You found it on level 4 of the Dungeon)

   It affects your accuracy and damage with ranged weapons and melee attacks
   (+2).
   It makes you more stealthy.
 y - a +0 chain mail (worn)
   (You found it on level 5 of the Dungeon)
 E - a +0 cloak (worn)
   (You found it on level 1 of the Lair of Beasts)
Jewellery
 b - a ring of positive energy (left hand)
   (You found it on level 6 of the Dungeon)
 f - an uncursed amulet of magic regeneration {unknown}
   (You found it on level 3 of the Dungeon)
Wands
 u - a wand of acid (19)
   (You found it on level 7 of the Dungeon)
Scrolls
 j - a scroll of noise {unknown}
 k - a scroll of enchant armour
 r - 5 scrolls of identify
 s - 2 scrolls of immolation {unknown}
 t - 4 scrolls of teleportation
 x - 4 scrolls of remove curse
 F - a scroll of blinking {unknown}
Potions
 d - 2 potions of might
 g - a potion of mutation
 h - 2 potions of haste
 l - a potion of invisibility {unknown}
 m - 3 potions of magic
 n - a potion of resistance
 o - 5 potions of lignification
 q - a potion of curing
 w - a potion of brilliance {unknown}
 z - a potion of berserk rage {unknown}
 A - a potion of heal wounds {unknown}
 B - a potion of degeneration {unknown}
Comestibles
 e - 17 rations
 C - 8 chunks of flesh


   Skills:
 + Level 7.0 Fighting
 * Level 10.9 Axes
 + Level 8.4 Armour
 + Level 3.8 Dodging
 - Level 7.2 Shields
 + Level 4.7 Invocations


You had 9 spell levels left.
You didn't know any spells.
Your spell library was empty.

Dungeon Overview and Level Annotations

Branches:
Dungeon (8/15)             Temple (1/1) D:6            Lair (2/6) D:8
  Swamp: Lair:2-4    Shoals: Lair:2-4     Snake: Lair:2-4    Spider: Lair:2-4

Altars:
Ashenzari
Cheibriados
Dithmenos
Elyvilon
Fedhas
Gozag
Hepliaklqana
Makhleb
Nemelex Xobeh
Okawaru
Qazlal
Ru
Trog
Uskayaw
Vehumet
Wu Jian
Xom
Yredelemnul
Zin
The Shining One

Shops:
D:7 (   D:8 }(*


Innate Abilities, Weirdness & Mutations

You are resistant to damage.
You can heal yourself by infusing magical energy.
You passively map the area around you.
You do not regenerate.


Message History

* * * LOW HITPOINT WARNING * * *
The 11-headed hydra bites you but does no damage.
The 11-headed hydra bites you.
The 11-headed hydra bites you but does no damage.
You are too injured to fight recklessly!
You lop one of the 11-headed hydra's heads off!
The ten-headed hydra grows two more!
You slash the 12-headed hydra!
The 12-headed hydra is almost dead.
The 12-headed hydra bites you.
* * * LOW HITPOINT WARNING * * *
The 12-headed hydra bites you but does no damage.
The 12-headed hydra bites you.
The 12-headed hydra bites you but does no damage.
The 12-headed hydra bites you.
* * * LOW HITPOINT WARNING * * *
The 12-headed hydra bites you. The 12-headed hydra bites you!
* * * LOW HITPOINT WARNING * * *
The 12-headed hydra bites you but does no damage.
The 12-headed hydra bites you.
You die...

..# , ** .## *#....
..# * #...## .##
.....# * .# #...P# ,
.# ##....# .####
....# ....# ####
###...#
....#####).###.#@..#
...............D...#
*
...................#
^..................#
*
..................[#
..######....####....#
.#.## #...#.#*....##
.###.###....## ....#
## #.......## .<..#**
** *


You could see a 12-headed hydra.

Vanquished Creatures
  A black mamba (Lair:2)
  2 spiny frogs (Lair:1)
  A komodo dragon (Lair:2)
  A troll (D:8)
  5 yaks (Lair:1)
  A steam dragon (Lair:2)
  2 water moccasins (Lair:1)
  4 porcupines
  3 ice beasts
  A black bear (D:7)
  A phantom (D:6)
  3 wolves (D:8)
  2 centaurs
  A crocodile (Lair:2)
  3 ogres
  8 bullfrogs
  3 scorpions
  2 howler monkeys (D:6)
  3 electric eels (D:8)
  3 crimson imps
  A bullfrog zombie (D:8)
  4 hounds (D:8)
  4 jellies
  3 orc wizards
  A bullfrog skeleton (D:5)
  An orc priest (D:3)
  2 centaur skeletons (D:6)
  3 iguanas
  4 worker ants
  Natasha (thrice) (D:2)
  A hound zombie (D:7)
  A hound skeleton (D:4)
  Robin (D:2)
  A howler monkey skeleton (D:7)
  4 gnolls (D:6)
  13 adders
  2 shadow imps (D:5)
  6 oozes
  An adder zombie (D:6)
  A worm (D:2)
  2 dart slugs
  4 leopard geckos
  8 orcs
  3 bats (D:2)
  3 giant cockroaches
  14 goblins
  10 hobgoblins
  8 jackals
  2 quokkas
  2 frilled lizards
  5 kobolds
  A quokka skeleton (D:5)
  A quokka zombie (D:6)
  7 rats
  A plant (Lair:1)
178 creatures vanquished.

Vanquished Creatures (others)
  A fungus (Lair:2)
1 creature vanquished.

Grand Total: 179 creatures vanquished

Notes
Turn   | Place    | Note
-------+----------+-------------------------------------------
     0 | D:1      | Flugkiller the Deep Dwarf Fighter began the quest for the
                  | Orb.
     0 | D:1      | Reached XP level 1. HP: 20/20 MP: 1/1
   229 | D:2      | Reached XP level 2. HP: 27/27 MP: 2/2
   303 | D:2      | Reached skill level 3 in Axes
   305 | D:2      | Reached XP level 3. HP: 26/33 MP: 3/3
   305 | D:2      | Noticed Natasha
   308 | D:2      | Killed Natasha
   354 | D:2      | Reached XP level 4. HP: 29/42 MP: 4/4
   372 | D:2      | Noticed Natasha
   391 | D:2      | Killed Natasha
   523 | D:2      | Noticed Robin
   530 | D:2      | Reached XP level 5. HP: 43/49 MP: 4/4
   532 | D:2      | Killed Robin
   532 | D:2      | Reached skill level 4 in Axes
   896 | D:4      | Got a pair of masterwork gloves
   907 | D:4      | Identified the +0 pair of gloves of Fashionability {Slay+2
                  | Stlth+} (You found it on level 4 of the Dungeon)
   930 | D:4      | Found a hide-covered altar of Uskayaw.
   930 | D:4      | Found a white marble altar of Elyvilon.
   930 | D:4      | Found a hazy altar of Hepliaklqana.
   958 | D:4      | Noticed an ogre
   967 | D:4      | Killed an ogre
   967 | D:4      | Reached XP level 6. HP: 42/57 MP: 4/4
   974 | D:4      | Reached skill level 5 in Axes
  1573 | D:5      | Entered Level 5 of the Dungeon
  1780 | D:5      | Noticed an ice beast
  1793 | D:5      | Killed an ice beast
  1793 | D:5      | Reached skill level 5 in Armour
  1793 | D:5      | Reached XP level 7. HP: 45/64 MP: 5/5
  1915 | D:5      | Reached skill level 6 in Axes
  1915 | D:5      | Reached skill level 5 in Shields
  2824 | D:6      | Found a staircase to the Ecumenical Temple.
  2837 | Temple   | Entered the Ecumenical Temple
  3210 | D:6      | Reached XP level 8. HP: 32/73 MP: 6/6
  3323 | D:6      | Reached skill level 7 in Axes
  3359 | D:6      | Reached skill level 5 in Fighting
  3854 | D:7      | Reached skill level 8 in Axes
  3952 | D:7      | Found Cewk's Weapon Emporium.
  4035 | D:7      | Gained mutation: You passively map the area around you.
                  | [Deep Dwarf growth]
  4035 | D:7      | Reached XP level 9. HP: 47/81 MP: 7/7
  4101 | D:8      | Noticed a troll
  4142 | D:8      | Reached skill level 9 in Axes
  4152 | D:8      | Killed a troll
  4845 | D:2      | You fall into a shaft and drop 2 floors!
  4947 | D:2      | Found a burning altar of Makhleb.
  4951 | D:2      | Became a worshipper of Makhleb the Destroyer
  4963 | D:2      | Noticed Natasha
  4966 | D:2      | Killed Natasha
  5090 | D:8      | Reached skill level 1 in Invocations
  5163 | D:8      | Found Keemoi's Antique Weapon Boutique.
  5171 | D:8      | Found Viph's Assorted Antiques.
  5211 | D:8      | Bought a fine battleaxe for 287 gold pieces
  5216 | D:8      | Identified the +8 battleaxe of Tenacity {elec, *Slow rF+
                  | rN+++ Dex+2} (You bought it in a shop on level 8 of the
                  | Dungeon)
  5278 | D:8      | Found a staircase to the Lair.
  5377 | D:8      | Reached skill level 1 in Dodging
  5541 | D:8      | Found Xososoall's Gadget Emporium.
  5704 | Lair:1   | Entered Level 1 of the Lair of Beasts
  5722 | Lair:1   | Noticed a spiny frog
  5727 | Lair:1   | Killed a spiny frog
  5895 | Lair:1   | Reached skill level 10 in Axes
  5898 | Lair:1   | Reached XP level 10. HP: 44/92 MP: 7/7
  6304 | Lair:1   | Noticed a spiny frog
  6308 | Lair:1   | Killed a spiny frog
  6529 | Lair:2   | Noticed a black mamba
  6537 | Lair:2   | Killed a black mamba
  6540 | Lair:2   | Reached * piety under Makhleb
  6658 | Lair:2   | Noticed a five-headed hydra
  6677 | Lair:2   | HP: 1/94 [12-headed hydra (7)]
  6677 | Lair:2   | Slain by a 12-headed hydra

Illustrated notes

Levels and vault maps discovered:
D:1:      scummos_arrival_forest, layout_basic
D:2:      layout_basic, grunt_temple_overflow_diamond, minmay_hexomino_c4,
          uniq_natasha, uniq_robin
D:3:      layout_loops_corners, solitary_fountain
D:4:      layout_basic, gammafunk_temple_overflow_forgotten,
          serial_corexii_hall, corexii_hall_statues_i, corexii_hall_statues_u
D:5:      layout_layer_cave, first_ration
D:6:      layout_loops_ring, minmay_temple_entry_sparse_star,
          minmay_misc_feat_more_columns
D:7:      layout_basic, serial_shops, kennysheep_mini_moat
D:8:      layout_layer_cave, erik_lair_island, serial_shops, nicolae_shop_stone,
          nicolae_shop_trees, shop, hangedman_little_slice_of_home,
          nicolae_lava_and_water, minmay_tree_intersection
Temple:   minmay_temple_bridge_d
Lair:1:   layout_small_grid, chequers_serial_rivers_micro_c,
          infiniplex_staircase_pool_2
Lair:2:   layout_cellular_growth

Skill      XL: |  1  2  3  4  5  6  7  8  9 10 |
---------------+-------------------------------+-----
Axes           | 3 4 5 6 8 10 | 10.9
Fighting       | 3 4 5 6 7 |  7.0
Armour         | 4 5 6 7 8 |  8.4
Shields        | 4 5 6 7 |  7.2
Invocations    | 3 4 |  4.7
Dodging        | 2 3 |  3.8

Action                   |  1- 3 |  4- 6 |  7- 9 | 10-12 || total
-------------------------+-------+-------+-------+-------++-------
Melee: War axe           |    49 |   165 |   252 |       ||   466
       Battleaxe         |       |       |    36 |    44 ||    80
 Abil: Heal Wounds       |       |     6 |    14 |     7 ||    27
Evoke: Wand              |       |       |     2 |       ||     2
  Use: Scroll            |       |       |    14 |       ||    14
  Eat: Chunk             |       |     3 |     7 |     2 ||    12
       Ration            |       |       |     2 |       ||     2
Armor: Scale mail        |    28 |    96 |    20 |       ||   144
       Chain mail        |       |       |   174 |    53 ||   227
Dodge: Dodged            |    19 |    42 |    87 |    56 ||   204
Block: Kite shield       |    24 |   107 |   150 |       ||   281
